 Dungeon Crawl Stone Soup version 0.28-a0-773-g130ae17fe5 (webtiles) character file.

Game seed: 13055033425663926612

11674 Essalna the Destroyer (level 11, 0/68 HPs)
             Began as a Gargoyle Fire Elementalist on Nov 2, 2021.
             Was a Priest of Vehumet.
             Slain by a two-headed ogre (18 damage)
             ... on level 11 of the Dungeon.
             The game lasted 00:26:58 (11324 turns).

Essalna the Destroyer (Gargoyle Fire Elementalist) Turns: 11324, Time: 00:26:59

Health: 0/68       AC: 21    Str: 12    XL:     11   Next: 81%
Magic:  12/40      EV: 13    Int: 19    God:    Vehumet [***...]
Gold:   421        SH:  0    Dex: 10    Spells: 14/24 levels left

rFire   . . .      SeeInvis .   s - +3 spear (venom)
rCold   . . .      Faith    +   (no shield)
rNeg    + . .      Spirit   .   a - +0 robe
rPois   ∞          Reflect  .   n - +0 helmet
rElec   +          Harm     .   y - +2 cloak {Will+}
rCorr   .          Rampage  .   K - +2 pair of gloves
Will    +....                   M - +2 pair of boots
Stlth   ++........              j - amulet of faith
HPRegen 0.21/turn               D - ring of magical power
MPRegen 0.27/turn               m - ring of magical power

@: about to teleport
A: sickness immunity, AC +8, negative energy resistance 1, electricity
resistance, torment resistance 1, petrification resistance
a: Renounce Religion


You were on level 11 of the Dungeon.
You worshipped Vehumet.
Vehumet was most pleased with you.
You visited 2 branches of the dungeon, and saw 12 of its levels.

You collected 421 gold pieces.

Inventory:

Hand Weapons
 e - a +0 short sword
 s - a +3 spear of venom (weapon)
Armour
 a - a +0 robe (worn)
 d - a +0 pair of gloves
 n - a +0 helmet (worn)
 o - a +0 pair of gloves
 y - a +2 cloak of willpower (worn)
 E - a scarf of repulsion
 I - a +1 kite shield of reflection
 K - a +2 pair of gloves (worn)
 L - a +1 pair of boots
 M - a +2 pair of boots (worn)
Jewellery
 j - an amulet of faith (around neck)
 l - a +4 ring of protection
 m - a ring of magical power (right hand)
 C - a +6 ring of strength
 D - a ring of magical power (left hand)
 H - a ring of willpower
Wands
 p - a wand of mindburst (7)
 q - a wand of iceblast (9)
 F - a wand of digging (6)
 J - a wand of polymorph (11)
Scrolls
 b - a scroll of enchant armour {unknown}
 f - 2 scrolls of blinking {unknown}
 k - 3 scrolls of immolation {unknown}
 r - 3 scrolls of identify {unknown}
 t - 3 scrolls of fear {unknown}
 x - a scroll of teleportation
 z - a scroll of magic mapping
Potions
 c - a potion of flight {unknown}
 g - 3 potions of curing {unknown}
 h - 3 potions of brilliance {unknown}
 i - 2 potions of might {unknown}
 u - 3 potions of heal wounds
 v - a potion of haste {unknown}
 w - a potion of cancellation {unknown}
 B - 2 potions of attraction {unknown}


   Skills:
 + Level 7.9 Fighting
 - Level 5.0 Armour
 + Level 6.3 Dodging
 - Level 2.1 Stealth
 + Level 5.6 Shields
 + Level 7.3 Spellcasting
 + Level 8.4 Conjurations
 + Level 8.3 Fire Magic
 + Level 3.0 Earth Magic


You had 14 spell levels left.
You knew the following spells:

 Your Spells              Type           Power      Damage    Failure   Level
a - Foxfire               Conj/Fire      100%       2x1d9     1%          1
b - Scorch                Fire           76%        2d8       1%          2
c - Flame Wave            Conj/Fire      38%        3d8       1%          4
d - Stone Arrow           Conj/Erth      56%        3d10      1%          3

Your spell library contained the following spells:

 Spells                   Type           Power      Damage    Failure   Level
 Hailstorm                Conj/Ice       23%        3d7       4%          4
 Conjure Flame            Conj/Fire      38%        6-21      1%          3
 Inner Flame              Hex/Fire       22%        N/A       1%          3
 Ignite Poison            Fire/Tmut/Pois 17%        N/A       2%          3
 Mephitic Cloud           Conj/Pois/Air  17%        N/A       2%          3
 Animate Skeleton         Necr           14%        N/A       10%         1
 Pain                     Necr           28%        1d5       10%         1
 Ensorcelled Hibernation  Hex/Ice        14%        N/A       14%         2
 Freezing Cloud           Conj/Ice/Air   8%         6-21      22%         5
 Spider Form              Tmut/Pois      7%         N/A       28%         3
 Vampiric Draining        Necr           7%         2d6       28%         3
 Animate Armour           Summ/Erth      24%        N/A       45%         4
 Lehudib's Crystal Spear  Conj/Erth      14%        10d5      100%        8


Dungeon Overview and Level Annotations

Branches:
Dungeon (11/15)            Temple (1/1) D:5            Lair (0/6) D:11
    Orc (0/2) D:11

Altars:
Ashenzari
Cheibriados
Kikubaaqudgha
Makhleb
Nemelex Xobeh
Okawaru
Ru
Sif Muna
Uskayaw
Vehumet
Wu Jian
Xom
Yredelemnul
The Shining One

Shops:
D:6 (   D:7 =[[=   D:10 (

Annotations:
D:8 3 runed translucent doors, StikS32's ghost, novice FoFi; TimeIsEndless's ghost, novice TrGl; Zigma's ghost, novice OpNe


Innate Abilities, Weirdness & Mutations

You are immune to sickness and miasma.
Your stone body is resilient. (AC +8)
You are immune to poison.
You resist negative energy. (rN+)
You are resistant to electric shocks. (rElec)
You are resistant to unholy torment.
You are immune to petrification.


Message History

The yak is almost dead.
The flame wave engulfs the yak!
You kill the yak!
Vehumet accepts your kill.
A wave of flame ripples out!
The flame wave engulfs the yak!
The yak is severely wounded.
The flame wave engulfs the yak.
You kill the yak!
Vehumet accepts your kill.
You finish channelling waves of flame.
You hear a bellow!
You hear a shout!
The yak barely misses you.
A yak comes into view.
Your Earth Magic skill increases to level 3!
Casting: Flame Wave (dangerous; 1% risk of failure)
Confirm with . or Enter, or press ? or * to list all spells.
Flames lash the yak.
The yak is severely wounded.
The yak's fire resistance burns away.
The yak gores you.
* * * LOW HITPOINT WARNING * * *
Unknown command.
Casting: Scorch (safe; 1% risk of failure)
Confirm with . or Enter, or press ? or * to list all spells.
Flames lash the yak.
The yak is burned terribly!
The yak is almost dead.
You hear a bellow!
A yak comes into view. x2
The yak closely misses you.
You hear a bellow!
A two-headed ogre comes into view.
It is wielding a +0 giant club and a +0 giant spiked club.
As you read the scroll of teleportation, it crumbles to dust.
You feel strangely unstable.
A yak comes into view.
The yak gores you but does no damage. The yak closely misses you.
A howler monkey comes into view.
The howler monkey howls!
The howler monkey hoots and howls with incredible vigour!
The two-headed ogre hits you but does no damage.
The two-headed ogre hits you with a +0 giant spiked club!!
You die...

*,,,,,,,,***## *****
*,,,,,,,,,,,.#
**##########h##* *
#............*** **
#.........#*,,,*** ******,
#...<.....#***,,,* *,,,,,,
#....>....# ***,*#*,,,,*,
#........O######...,,,,,,,
########.@.Y.......,***,*,
**####YY######,,,,,,,
**,,,#.........,,,,,,,
*#......####....,,,,**,
#.......# **,Y..,,,>,,,
#.......# *,,,..,,,,,,,
#.......#**,,,,.,,,,*,,
##......Y,,,,,,,,,,,*,*
#.....).#***,,,,,,,,,,*


You could see a two-headed ogre, 4 yaks and a howler monkey (catching breath).

Vanquished Creatures
  6 two-headed ogres
  5 centaur zombies
  Sigmund (D:4)
  11 yaks
  A wyvern (D:9)
  5 humans (D:9)
  7 vampire mosquitoes
  4 water moccasins
  3 orc warriors
  2 ice beasts (D:7)
  2 necrophages
  4 ogres
  A black bear (D:6)
  3 centaurs
  4 bullfrogs
  A gnoll sergeant (D:7)
  A scorpion (D:4)
  A water moccasin zombie (D:5)
  A water moccasin skeleton (D:6)
  8 killer bees
  8 wights
  3 howler monkeys
  Crazy Yiuf (D:6)
  4 jellies
  3 gnoll shamans
  An orc priest (D:6)
  A hound (D:5)
  An iguana (D:5)
  3 orc wizards
  A killer bee zombie (D:8)
  A hound zombie (D:5)
  A howler monkey zombie (D:7)
  17 gnolls
  A howler monkey skeleton (D:7)
  2 adders
  A shadow imp (D:5)
  2 ufetubi
  A worm (D:4)
  17 orcs
  7 endoplasms
  5 giant cockroaches
  8 goblins
  10 hobgoblins
  4 jackals (D:1)
  4 quokkas
  8 ball pythons
  7 bats
  19 frilled lizards
  4 kobolds
  A rat (D:3)
217 creatures vanquished.

Vanquished Creatures (collateral kills)
  A foxfire (D:5)
1 creature vanquished.

Vanquished Creatures (others)
  639 foxfires
  8 plants (D:5)
647 creatures vanquished.

Grand Total: 865 creatures vanquished

Notes
Turn   | Place    | Note
-------+----------+-------------------------------------------
     0 | D:1      | Essalna the Gargoyle Fire Elementalist began the quest for
                  | the Orb.
     0 | D:1      | Reached XP level 1. HP: 10/10 MP: 3/3
   313 | D:1      | Reached XP level 2. HP: 9/15 MP: 1/5
   783 | D:1      | Reached XP level 3. HP: 3/19 MP: 0/6
  1607 | D:2      | Found a faded altar of an unknown god.
  1988 | D:2      | Learned a level 2 spell: Scorch
  2186 | D:3      | Reached XP level 4. HP: 24/24 MP: 8/8
  2871 | D:4      | Reached skill level 1 in Fighting
  2871 | D:4      | Reached skill level 1 in Armour
  2871 | D:4      | Reached XP level 5. HP: 29/29 MP: 9/9
  2916 | D:4      | Found an ornate altar of the Wu Jian Council.
  3046 | D:4      | Noticed Sigmund
  3057 | D:4      | Killed Sigmund
  3058 | D:4      | Reached XP level 6. HP: 35/35 MP: 8/11
  3270 | D:4      | Reached XP level 7. HP: 40/40 MP: 12/12
  4034 | D:5      | Entered Level 5 of the Dungeon
  4088 | D:5      | Found a hide-covered altar of Uskayaw.
  4088 | D:5      | Found a sacrificial altar of Ru.
  4088 | D:5      | Found an ancient bone altar of Kikubaaqudgha.
  4413 | D:5      | Reached XP level 8. HP: 46/46 MP: 12/14
  4622 | D:5      | Reached skill level 5 in Fire Magic
  5046 | D:5      | Found a staircase to the Ecumenical Temple.
  5069 | Temple   | Entered the Ecumenical Temple
  5163 | Temple   | Became a worshipper of Vehumet
  5416 | D:6      | Found a broken altar of Ashenzari.
  5659 | D:6      | Reached skill level 5 in Conjurations
  5788 | D:6      | Reached XP level 9. HP: 49/52 MP: 16/16
  5936 | D:6      | Found a runed translucent door.
  5937 | D:6      | Noticed Crazy Yiuf
  5943 | D:6      | Killed Crazy Yiuf
  6079 | D:6      | Found a glowing golden altar of the Shining One.
  6083 | D:6      | Found an iron altar of Okawaru.
  6195 | D:6      | Found a sparkling altar of Nemelex Xobeh.
  6213 | D:6      | Found Ucicujul's Weapon Shop.
  6553 | D:7      | Reached skill level 5 in Spellcasting
  6562 | D:7      | Reached * piety under Vehumet
  6562 | D:7      | Offered knowledge of Freeze by Vehumet.
  6652 | D:7      | Reached skill level 5 in Armour
  6774 | D:7      | Found Suso's Jewellery Emporium.
  6821 | D:7      | Found Nybaa's Armour Shoppe.
  6904 | D:7      | Found Jimnuaza's Jewellery Shop.
  7025 | D:7      | Found Ytebepsodo's Armour Emporium.
  7033 | D:7      | Reached skill level 5 in Fighting
  7522 | D:8      | Found a basalt altar of Yredelemnul.
  7537 | D:8      | Reached skill level 1 in Shields
  7595 | D:7      | Reached XP level 10. HP: 60/60 MP: 18/18
  7601 | D:7      | Learned a level 4 spell: Flame Wave
  7630 | D:8      | Noticed a two-headed ogre
  7734 | D:9      | Offered knowledge of Static Discharge by Vehumet.
  7862 | D:9      | Reached skill level 5 in Dodging
  8025 | D:9      | Noticed a two-headed ogre
  8037 | D:9      | Killed a two-headed ogre
  8347 | D:8      | Reached ** piety under Vehumet
  8690 | D:8      | Killed a two-headed ogre
  8868 | D:8      | Found a runed translucent gate.
  8869 | D:8      | Found a runed translucent gate.
  8870 | D:8      | Found a runed translucent gate.
  8876 | D:8      | Noticed StikS32's ghost (novice FoFi)
  8876 | D:8      | Noticed TimeIsEndless's ghost (novice TrGl)
  8877 | D:8      | Noticed Zigma's ghost (novice OpNe)
  9244 | D:9      | Noticed a two-headed ogre
  9250 | D:9      | Killed a two-headed ogre
  9251 | D:9      | Reached XP level 11. HP: 25/67 MP: 21/21
 10006 | D:9      | Learned a level 3 spell: Stone Arrow
 10080 | D:10     | Entered Level 10 of the Dungeon
 10102 | D:10     | Noticed a boulder beetle
 10138 | D:10     | Noticed a two-headed ogre
 10141 | D:10     | Offered knowledge of Searing Ray by Vehumet.
 10146 | D:10     | Killed a two-headed ogre
 10316 | D:10     | Reached skill level 5 in Shields
 10316 | D:10     | Reached skill level 1 in Earth Magic
 10457 | D:10     | Noticed a two-headed ogre
 10463 | D:10     | Killed a two-headed ogre
 10463 | D:10     | Reached *** piety under Vehumet
 10778 | D:10     | Found Zuoc's Antique Weapon Emporium.
 11257 | D:11     | Found a staircase to the Lair.
 11266 | D:11     | Noticed a two-headed ogre
 11271 | D:11     | Noticed a boulder beetle
 11284 | D:10     | Killed a two-headed ogre
 11284 | D:10     | Offered knowledge of Hailstorm by Vehumet.
 11322 | D:11     | Noticed a two-headed ogre
 11324 | D:11     | Slain by a two-headed ogre

Illustrated notes

Levels and vault maps discovered:
D:1:      beargit_arrival_greenhouse, layout_loops_ring
D:2:      layout_basic, basic_ecumenical_altar, minmay_lizard_pond
D:3:      layout_rooms, minivault_23, grunt_ministairs_15, grunt_decor_cap
D:4:      layout_loops_ring, nzn_wu_jian_council_hall, amcnicky_mini_pool_small,
          minmay_misc_feat_rows, minmay_misc_feat_diagonals,
          lemuel_old_faithful, uniq_sigmund
D:5:      layout_loops_ring, gammafunk_temple_overflow_claw, temple_hall,
          minmay_lizard_king
D:6:      layout_loops_ring, nicolae_ashenzari_panopticon,
          grunt_temple_overflow_diamond, serial_shops, shop,
          uniq_crazy_yiuf_cottage
D:7:      layout_gridville, serial_shops, shop, nicolae_shop_crystal, shop,
          shop, minmay_misc_feat_chi
D:8:      layout_basic, mainiacjoe_overflow_brackets, gammafunk_ghost_cemetery,
          minmay_tree_intersection
D:9:      layout_loops_ring, minmay_ruffians
D:10:     layout_roguey, serial_shops, nicolae_stop_n_shop_2
D:11:     layout_rooms, lair_entry_dummy, enter_bailey_3
Temple:   nicolae_temple_figure_eight

Skill      XL: |  1  2  3  4  5  6  7  8  9 10 11 |
---------------+----------------------------------+-----
Conjurations   | 2 3 4 5 6 7 8 |  8.4
Fighting       | 1 2 3 4 5 7 |  7.9
Armour         | 1 2 3 4 5 |  5.0
Dodging        | 2 3 4 5 6 |  6.3
Spellcasting   | 3 4 5 6 7 |  7.3
Fire Magic     | 4 5 6 7 8 |  8.3
Shields        | 1 4 5 |  5.6
Earth Magic    | 3 |  3.0
Stealth        | |  2.1

Action                   |  1- 3 |  4- 6 |  7- 9 | 10-12 || total
-------------------------+-------+-------+-------+-------++-------
Melee: Unarmed           |    13 |       |       |       ||    13
       Short sword       |    14 |    12 |       |       ||    26
       Spear             |       |    13 |    25 |     4 ||    42
 Cast: Foxfire           |    79 |    66 |   182 |    76 ||   403
       Scorch            |       |       |    76 |   105 ||   181
       Flame Wave        |       |       |       |    20 ||    20
  Use: Scroll            |       |       |       |     6 ||     6
       Potion            |       |       |       |     1 ||     1
 Stab: Sleeping          |       |     1 |       |       ||     1
Armor: Robe              |    15 |    15 |    55 |    69 ||   154
Dodge: Dodged            |    24 |    17 |    64 |   102 ||   207

Table legend: (Time is in decaauts)
 A = Elapsed time spent in this place.
 B = Non-inter-level travel time spent in this place.
 C = Inter-level travel time spent in this place.
 D = Time resting spent in this place.
 E = Time spent auto-exploring this place.
 F = Levels seen in this place.
 G = Mean time per level.
                   A        B        C        D        E       F      G
               +--------+--------+--------+--------+--------+-----+--------+
         Total |  11333 |  10938 |    395 |    282 |   9042 |  12 |  944.4 |
       Dungeon |  11218 |  10848 |    370 |    282 |   8955 |  11 | 1019.8 |
        Temple |    114 |     89 |     25 |      0 |     87 |   1 |  114.0 |
               +--------+--------+--------+--------+--------+-----+--------+

Top non-repeatable levels by time:
     D:9: 1698 daAuts
     D:1: 1458 daAuts
     D:7: 1408 daAuts
     D:6: 1170 daAuts
     D:4: 1169 daAuts
     D:5: 1087 daAuts
    D:10: 1070 daAuts
     D:2: 717 daAuts
     D:8: 700 daAuts
     D:3: 692 daAuts
  Temple: 114 daAuts
    D:11: 44 daAuts
